 Dungeon Crawl Stone Soup version 0.20.1-1-g8b1a95d (webtiles) character file.

185 vatarom the Insei (level 5, -2/39 HPs)
             Began as a Demonspawn Transmuter on Sept 22, 2017.
             Slain by empire's ghost (3 damage)
             ... on level 3 of the Dungeon.
             The game lasted 00:07:28 (2868 turns).

vatarom the Insei (Demonspawn Transmuter)           Turns: 2868, Time: 00:07:29

Health: -2/39      AC:  7    Str: 10 (11) XL:     5   Next: 37%
Magic:  8/8        EV: 11    Int: 15      God:
Gold:   101        SH:  0    Dex: 13      Spells: 2/8 levels left

rFire    . . .     SeeInvis .   m - +2 quarterstaff (chaos)
rCold    . . .     Gourm    .   (shield currently unavailable)
rNeg     . . .     Faith    .   e - +0 leather armour
rPois    .         Spirit   .   (helmet restricted)
rElec    .         Reflect  .   n - +0 cloak
rCorr    .         Harm     .   i - +0 pair of gloves
MR       .....                  (no boots)
Stlth    ..........             (no amulet)
Regen    0.2/turn               g - ring of loudness (curse)
MPRegen  0.2/turn               (no ring)

@: heavily drained
A: horns 2, icy blue scales 1, spiny 1
a: no special abilities


You were on level 3 of the Dungeon.
You were not hungry.

You visited 1 branch of the dungeon, and saw 3 of its levels.

You collected 101 gold pieces.

Inventory:

Hand Weapons
 m - a +2 quarterstaff of chaos (weapon)
Missiles
 a - 32 arrows
Armour
 e - a +0 leather armour (worn)
 i - a +0 pair of gloves (worn)
 n - a +0 cloak (worn)
Jewellery
 g - a cursed ring of loudness (left hand)
Scrolls
 b - a scroll of recharging
 h - 2 scrolls of identify
Potions
 j - a potion of brilliance
Books
 c - a book of Changes

   Spells                             Type                      Level
   a - Beastly Appendage              Transmutation                1
   b - Sticks to Snakes               Transmutation                2
   c - Spider Form                    Transmutation/Poison         3
   d - Ice Form                       Ice/Transmutation            4
   e - Blade Hands                    Transmutation                5
Comestibles
 d - a bread ration
 f - a meat ration
 k - a royal jelly
 l - 9 fruits
 o - 2 chunks of flesh


   Skills:
 + Level 2.7(1.1) Fighting
 + Level 2.5(0.9) Dodging
 * Level 4.5(2.8) Unarmed Combat
 - Level 2.0(0.4) Spellcasting
 - Level 1.7(0.2) Transmutations


You had 2 spell levels left.
You knew the following spells:

 Your Spells              Type           Power        Failure   Level  Hunger
a - Beastly Appendage     Tmut           #.....       32%         1    ##.....
b - Sticks to Snakes      Tmut           #.......     45%         2    ###....
c - Spider Form           Tmut/Pois      #.........   71%         3    ####...


Dungeon Overview and Level Annotations

Branches:
Dungeon (3/15)

Altars:
Dithmenos
Okawaru
Yredelemnul

Annotations:
D:3 empire's ghost, amateur DrIE


Innate Abilities, Weirdness & Mutations

You have a pair of horns on your head.
You are partially covered in icy blue scales. (AC +2)
You are partially covered in sharp spines.


Message History

You completely miss empire's ghost.
Empire's ghost is heavily damaged.
The orc is struck by your spines. The orc misses you.
Empire's ghost is struck by your spines.
Empire's ghost hits you!
* * * LOW HITPOINT WARNING * * *
You feel drained.
* * * LOW HITPOINT WARNING * * *
Empire's ghost is no longer moving slowly.
A chill runs down your spine.
Found a scale mail.
The orc is struck by your spines.
You kill the orc!
Found 7 poisoned needles.
There is a stone staircase leading up here.
Empire's ghost is struck by your spines.
Empire's ghost hits you.
* * * LOW HITPOINT WARNING * * *
You feel drained.
You die...

[......#)#.#..#
#.......###.#
###.####.#.##
#.##.##.##
######.#.#.#.#
#.......###..#####...
#.###..............#
.##.###.#.#.#W######.#
## .....[..##..@## ##.
###......##.## ####..
######.##.# #.....
#.##.# ####.###.#.##
#.##( ###..........#
#.##. ..#.########.#
#)######.#.# #.#
#.....##.#.# #.##
#####.##>#.# ######..)


You could see empire's ghost.

Vanquished Creatures
  Crazy Yiuf (D:2)
  Terence (D:2)
  6 adders
  An ooze (D:1)
  A worm (D:3)
  A leopard gecko (D:2)
  An orc (D:3)
  5 giant cockroaches
  7 goblins (D:1)
  10 hobgoblins
  4 jackals
  4 kobolds
  11 bats
  6 frilled lizards
  5 rats
64 creatures vanquished.

Notes
Turn   | Place    | Note
-------+----------+-------------------------------------------
     0 | D:1      | vatarom the Demonspawn Transmuter began the quest for the Orb.
     0 | D:1      | Reached XP level 1. HP: 15/15 MP: 3/3
   350 | D:1      | Reached skill level 3 in Unarmed Combat
   477 | D:1      | Gained mutation: You have a pair of small horns on your head. [demonic ancestry]
   477 | D:1      | Reached XP level 2. HP: 20/21 MP: 5/5
   571 | D:1      | Learned a level 2 spell: Sticks to Snakes
   996 | D:1      | Gained mutation: You have a pair of horns on your head. [demonic ancestry]
   996 | D:1      | Reached XP level 3. HP: 27/27 MP: 6/6
  1165 | D:1      | Learned a level 3 spell: Spider Form
  1734 | D:2      | Noticed Terence
  1743 | D:2      | Killed Terence
  1743 | D:2      | Gained mutation: You are partially covered in icy blue scales. (AC +2) [demonic ancestry]
  1743 | D:2      | Reached XP level 4. HP: 18/33 MP: 3/7
  1905 | D:2      | Found a shadowy altar of Dithmenos.
  1931 | D:2      | Reached skill level 4 in Unarmed Combat
  2396 | D:2      | Found a runed door.
  2558 | D:2      | Noticed Crazy Yiuf
  2569 | D:2      | Killed Crazy Yiuf
  2569 | D:2      | Gained mutation: You are partially covered in sharp spines. [demonic ancestry]
  2569 | D:2      | Reached XP level 5. HP: 39/39 MP: 4/8
  2702 | D:2      | Found an iron altar of Okawaru.
  2703 | D:2      | Found a basalt altar of Yredelemnul.
  2846 | D:3      | Noticed empire's ghost (amateur DrIE)
  2868 | D:3      | HP: 1/39 [empire's ghost (6)]
  2868 | D:3      | Slain by empire's ghost

Skill      XL: |  1  2  3  4 |
---------------+-------------+-----
Unarmed Combat | 3 4 |  4.5
Dodging        | 2 |  2.5
Fighting       | 2 |  2.7
Spellcasting   | |  2.0
Transmutations | |  1.7

Action                   |  1- 3 |  4- 6 || total
-------------------------+-------+-------++-------
Melee: Unarmed           |   115 |    74 ||   189
       Kick              |    16 |     8 ||    24
       Headbutt          |    11 |     6 ||    17
       Punch             |     1 |       ||     1
       Quarterstaff      |       |    16 ||    16
 Cast: Beastly Appendage |    18 |     4 ||    22
       Spider Form       |     1 |     1 ||     2
  Use: Scroll            |     2 |     4 ||     6
       Potion            |     1 |     5 ||     6
 Stab: Sleeping          |       |     1 ||     1
  Eat: Chunk             |     3 |     2 ||     5
       Bread ration      |       |     1 ||     1
Armor: Robe              |    15 |       ||    15
       Leather armour    |    32 |    35 ||    67
Dodge: Dodged            |    91 |    39 ||   130
